 Dungeon Crawl Stone Soup version 0.24.0-124-g2791043dd8 (webtiles) character file.

Game seed: 17421254760559570469, levelgen mode: deterministic

2960 ChairmanCharles the Cleaver (level 9, -7/81 HPs)
             Began as a Minotaur Berserker on Feb 14, 2020.
             Was an Elder of Trog.
             Mangled by a death yak (15 damage)
             ... on level 7 of the Dungeon.
             The game lasted 01:03:05 (6531 turns).

ChairmanCharles the Cleaver (Minotaur Berserker)    Turns: 6531, Time: 01:03:06

Health: -7/81      AC: 14    Str: 23    XL:     9   Next: 52%
Magic:  0/8        EV: 10    Int: 10    God:    Trog [****..]
Gold:   298        SH:  0    Dex: 12    Spells: 8/8 levels left

rFire    . . .     SeeInvis .   F - +0 dire flail
rCold    . . .     Gourm    .   (shield currently unavailable)
rNeg     . . .     Faith    .   d - +1 plate armour
rPois    .         Spirit   +   (helmet restricted)
rElec    .         Reflect  .   s - scarf {Spirit}
rCorr    .         Harm     .   (no gloves)
MR       .....                  (no boots)
Stlth    ..........             (no amulet)
HPRegen  0.23/turn              r - +6 ring of intelligence
MPRegen  0.11/turn              (no ring)

@: about to teleport, berserk cooldown, slowed, very slow
A: retaliatory headbutt, horns 2
a: Berserk, Trog's Hand, Brothers in Arms, Renounce Religion


You were on level 7 of the Dungeon.
You worshipped Trog.
Trog was greatly pleased with you.
You were not hungry.

You visited 1 branch of the dungeon, and saw 8 of its levels.

You collected 298 gold pieces.

Inventory:

Hand Weapons
 a - a +0 hand axe
 F - a +0 dire flail (weapon)
Armour
 d - a +1 plate armour (worn)
 s - a scarf of spirit shield (worn)
Jewellery
 r - a +6 ring of intelligence (left hand)
Wands
 o - a wand of clouds (6)
 A - a wand of flame (18)
 E - a wand of acid (6)
Scrolls
 f - a scroll of blinking {unknown}
 j - a scroll of amnesia {unknown}
 k - 3 scrolls of magic mapping
 m - 2 scrolls of enchant armour
 n - 3 scrolls of teleportation
 u - a scroll of immolation {unknown}
 v - 4 scrolls of remove curse
 w - 2 scrolls of enchant weapon {unknown}
 y - 2 scrolls of identify
 z - a scroll of random uselessness {unknown}
 C - a scroll of brand weapon {unknown}
Potions
 e - 2 potions of cancellation
 g - a potion of lignification
 h - 4 potions of brilliance
 i - a potion of ambrosia
 l - a potion of magic
 p - a potion of flight
 q - 3 potions of agility
 t - a potion of curing
 x - 2 potions of heal wounds
 B - a potion of haste
Comestibles
 c - 8 rations


   Skills:
 + Level 7.9 Fighting
 - Level 8.7(9.6) Axes
 * Level 6.0(8.2) Maces & Flails
 + Level 7.4 Armour
 + Level 6.9 Dodging


You had 8 spell levels left.
You didn't know any spells.
Your spell library was empty.

Dungeon Overview and Level Annotations

Branches:
Dungeon (8/15)             Temple (0/1) D:6            Lair (0/6) D:8

Altars:
Gozag
Makhleb
Nemelex Xobeh
Qazlal
Ru
Uskayaw
Wu Jian
Yredelemnul

Shops:
D:4 :

Annotations:
D:4 3 runed translucent doors, laxxamousse2's ghost, amateur GrFi
D:7 3 runed translucent doors, louiscrawler's ghost, novice TeSu


Innate Abilities, Weirdness & Mutations

You reflexively headbutt those who attack you in melee.
You have a pair of horns on your head.


Message History

You headbutt the death yak, but do no damage.
You are too injured to fight recklessly!
You are confused.
You feel invigorated. The death yak gores you! The death yak gores you!
The death yak gores you.
You feel less invigorated.
You feel less confused. The death yak closely misses you.
You furiously retaliate!
You headbutt the death yak, but do no damage.
The death yak gores you!
The death yak gores you but does no damage.
The death yak gores you!
* * * LOW HITPOINT WARNING * * *
The death yak gores you!
* * * LOW HITPOINT WARNING * * *
Okay, then.
As you read the scroll of teleportation, it crumbles to dust.
You feel strangely unstable. The death yak gores you!
You die...

#...#..................# #.#
#.###.###...##############.#
#####.#
#.............#.....##.#
#.....#
#..##...#.#.#.#.###.##.#
##.....#
#..##...#.#.#.#.........
.......#
#..##...#...#.####.#####
.......# #.......#####.####.#
.......###.###.#Y........##.#
.........#...#.#@.#########.#
.........###...#...# #.#
...##.....((...#...# #.#
.........##..(.#...## #.#
..#.##.).((....#.#..# #.#
....##....#....#.#.># #.#
.#####.........#.##.# #.#
.#####...##.#..#.##.# #.#
........###.#..#.##.# #.#


You could see a death yak.

Vanquished Creatures
  A death yak (D:7)
  A hippogriff (D:6)
  A steam dragon (D:7)
  2 orc warriors (D:7)
  4 centaurs
  A big kobold (D:6)
  5 bullfrogs
  Blork the orc (D:4)
  A water moccasin zombie (D:7)
  2 scorpions (D:7)
  2 crimson imps (D:6)
  A centaur zombie (D:5)
  3 hounds
  A jelly (D:7)
  3 orc priests (D:5)
  9 orc wizards
  3 iguanas
  A worker ant (D:5)
  A hound zombie (D:5)
  A howler monkey zombie (D:7)
  9 adders
  A shadow imp (D:6)
  4 oozes (D:1)
  3 adder zombies
  An adder skeleton (D:7)
  A worm (D:2)
  2 dart slugs
  3 leopard geckos
  21 orcs
  7 giant cockroaches
  6 goblins
  9 hobgoblins
  4 jackals
  4 quokkas
  8 bats
  8 frilled lizards
  A jackal skeleton (D:6)
  6 kobolds
  2 leopard gecko skeletons
  A quokka skeleton (D:5)
  9 rats
154 creatures vanquished.

Notes
Turn   | Place    | Note
-------+----------+-------------------------------------------
     0 | D:1      | ChairmanCharles the Minotaur Berserker began the quest for
                  | the Orb.
     0 | D:1      | Reached XP level 1. HP: 19/19 MP: 0/0
    13 | D:1      | Reached XP level 2. HP: 26/27 MP: 1/1
   127 | D:1      | Reached skill level 4 in Axes
   490 | D:1      | Reached XP level 3. HP: 33/33 MP: 2/2
   899 | D:2      | Found a faded altar of an unknown god.
   972 | D:2      | Found a burning altar of Makhleb.
   990 | D:2      | Reached ** piety under Trog
  1011 | D:2      | Found a basalt altar of Yredelemnul.
  1015 | D:2      | Found an ornate altar of the Wu Jian Council.
  1015 | D:2      | Found a sparkling altar of Nemelex Xobeh.
  1131 | D:2      | Reached XP level 4. HP: 40/40 MP: 3/3
  1750 | D:2      | Reached skill level 5 in Axes
  2124 | D:3      | Found a sacrificial altar of Ru.
  2141 | D:3      | Reached XP level 5. HP: 47/47 MP: 4/4
  2572 | D:4      | Noticed Blork the orc
  2585 | D:4      | Killed Blork the orc
  2585 | D:4      | Reached XP level 6. HP: 55/55 MP: 5/5
  2613 | D:4      | Reached skill level 6 in Axes
  2633 | D:4      | Reached skill level 5 in Fighting
  2845 | D:4      | Reached *** piety under Trog
  2856 | D:4      | Found a runed translucent gate.
  2856 | D:4      | Found a runed translucent gate.
  2856 | D:4      | Found a runed translucent gate.
  2856 | D:4      | Noticed laxxamousse2's ghost (amateur GrFi)
  2856 | D:4      | Identified the +0 short sword of Riteff {venom, +Rage +Inv
                  | rPois MR+}
  2917 | D:4      | Found Vuyskag's Book Boutique.
  3156 | D:4      | Found an opulent altar of Gozag.
  3335 | D:5      | Entered Level 5 of the Dungeon
  3348 | D:5      | Reached XP level 7. HP: 61/61 MP: 4/6
  3618 | D:5      | Reached skill level 7 in Axes
  3897 | D:5      | Reached skill level 5 in Armour
  4248 | D:6      | Found a staircase to the Ecumenical Temple.
  4831 | D:6      | Noticed a hippogriff
  4835 | D:6      | Killed a hippogriff
  4835 | D:6      | Reached skill level 8 in Axes
  4835 | D:6      | Reached skill level 5 in Dodging
  4835 | D:6      | Reached XP level 8. HP: 70/70 MP: 7/7
  4927 | D:6      | Reached **** piety under Trog
  5330 | D:7      | Reached skill level 1 in Maces & Flails
  5400 | D:7      | Noticed a +0 dagger
  5401 | D:7      | Noticed a +0 dagger
  5402 | D:7      | Found a hide-covered altar of Uskayaw.
  5417 | D:7      | Found a runed translucent gate.
  5419 | D:7      | Found a runed translucent gate.
  5420 | D:7      | Found a runed translucent gate.
  5421 | D:7      | Noticed louiscrawler's ghost (novice TeSu)
  5782 | D:7      | Found a stormy altar of Qazlal.
  5978 | D:7      | Reached XP level 9. HP: 57/79 MP: 5/8
  6412 | D:8      | Found a staircase to the Lair.
  6412 | D:8      | Noticed a death yak
  6412 | D:8      | Noticed a death yak
  6412 | D:8      | Noticed a death yak
  6509 | D:7      | Killed a death yak
  6531 | D:7      | Mangled by a death yak

Levels and vault maps discovered:
D:1:      grunt_arrival_crossed_arrows, layout_loops_ring
D:2:      layout_basic, bloody_makhleb,
          chequers_temple_overflow_statue_of_worship, first_ration,
          chequers_ecumenical_altar_grove
D:3:      layout_rooms, minmay_misc_feat_encased, hangedman_decor_opposing,
          nicolae_ru_great_annihilating_truth
D:4:      layout_basic, nicolae_gozag_cash_rules_everything_around_me,
          serial_shops, kennysheep_mini_moat, gammafunk_ghost_nasty_kobolds,
          uniq_blork_the_orc
D:5:      layout_basic
D:6:      minmay_razor_zed, layout_basic, temple_green
D:7:      layout_basic, grunt_qazlal_sundering, dancing_weapons_uskayaw,
          ebering_ghost_rock_garden, kennysheep_generic_room_7
D:8:      layout_loops_cross, dpeg_lair_monsters, ebering_ghost_inner_flame,
          the_bakery, minmay_manual_macuahuitl

Skill      XL: |  1  2  3  4  5  6  7  8  9 |
---------------+----------------------------+-----
Axes           | 4 5 6 8 |  8.7
Fighting       | 4 5 6 7 |  7.9
Armour         | 3 4 5 6 7 |  7.4
Dodging        | 3 4 5 6 |  6.9
Maces & Flails | 3 6 |  6.0

Action                   |  1- 3 |  4- 6 |  7- 9 || total
-------------------------+-------+-------+-------++-------
Melee: Hand axe          |    75 |   119 |   100 ||   294
       Headbutt          |    12 |    23 |    40 ||    75
       Flail             |       |       |    58 ||    58
       Dire flail        |       |       |    36 ||    36
Invok: Berserk           |     2 |     7 |     7 ||    16
       Trog's Hand       |       |     1 |     2 ||     3
  Use: Scroll            |       |    10 |     6 ||    16
       Potion            |       |       |     1 ||     1
 Stab: Paralysed         |       |     1 |       ||     1
  Eat: Chunk             |     2 |     7 |    11 ||    20
       Ration            |       |     2 |     2 ||     4
Armor: Animal skin       |    14 |     3 |       ||    17
       Plate armour      |       |    49 |    99 ||   148
Dodge: Dodged            |    39 |    38 |    91 ||   168
